[Event "Titled Tuesday Blitz January 03 Early 2023"]
[White "Lavrik, Dmitry"]
[Black "Sjoberg, Isak"]
[WhiteFideId "24113190"]
[BlackFideId "1521640"]
[WhiteElo "2414"]
[BlackElo "2308"]
[Result "1-0"]
[Round "01"]
[TimeControl "180+2"]
[Date "2023.01.03"]
[WhiteClock "0:00:10"]
[BlackClock "0:00:17"]

1. e4 e5 2. Nf3 Nc6 3. Bc4 Nf6 4. Ng5 d5 5. exd5 Na5 6. Bb5+ c6 7. dxc6 bxc6 8. Bd3 Nd5 9. Nf3 Bd6 10. O-O O-O 11. Re1 f5 12. c4 Nf4 13. Bf1 e4 14. d4 exf3 15. Qxf3 Ng6 16. c5 Bb8 17. b4 Nh4 18. Qh5 Qxd4 19. bxa5 Qxa1 20. Bc4+ Kh8 21. Qxh4 Qxb1 22. Qe7 Bd6 23. cxd6 Bb7 24. d7 h6 25. Bb3 Rad8 26. Rd1 Kh7 27. Bxh6 Qb2 28. Bg5 c5 29. Qe3 c4 30. Bxc4 Qc2 31. Bb3 Qc6 32. Qh3+ Kg6 33. Bxd8 Rxd8 34. Qg3+ Kh7 35. Qh4+ Kg6 36. Qg3+ Kf6 37. Rd6+ Qxd6 38. Qxd6+ Kg5 39. h4+ Kh5 40. Qe7 Rh8 41. Qg5# 1-0


[Site "https://www.chess.com"]

[Event "Titled Tuesday Blitz January 03 Early 2023"]
[White "Mazurkiewicz, Michal"]
[Black "Orozbaev, Eldiar"]
[WhiteFideId "1124943"]
[BlackFideId "13802240"]
[WhiteElo "2145"]
[BlackElo "2235"]
[Result "1-0"]
[Round "01"]
[TimeControl "180+2"]
[Date "2023.01.03"]
[WhiteClock "0:00:21"]
[BlackClock "0:00:08"]

1. e4 e6 2. d3 d5 3. Nd2 Nc6 4. Ngf3 Nf6 5. c3 dxe4 6. dxe4 e5 7. Bb5 Bd6 8. O-O O-O 9. Re1 Qe7 10. Nc4 Rd8 11. Nxd6 Rxd6 12. Qc2 a6 13. Bf1 Bg4 14. Nd2 Rad8 15. Nc4 R6d7 16. Bg5 h6 17. Bh4 g5 18. Bg3 Nh5 19. Ne3 Be6 20. Rad1 Nxg3 21. hxg3 Qc5 22. a3 a5 23. b4 axb4 24. axb4 Nxb4 25. Rxd7 Nxc2 26. Rxd8+ Kg7 27. Nxc2 Qxc3 28. Re2 b5 29. Ne3 b4 30. Rc2 Qa1 31. Rxc7 b3 32. Rd6 b2 33. Rxe6 b1=Q 34. Nf5+ Kg8 35. Rc8+ Kh7 36. Rxh6# 1-0


[Site "https://www.chess.com"]

[Event "Titled Tuesday Blitz January 03 Early 2023"]
[White "Kadric, Denis"]
[Black "Topalov, Aleksandar"]
[WhiteFideId "14403803"]
[BlackFideId "925659"]
[WhiteElo "2601"]
[BlackElo "2233"]
[Result "1-0"]
[Round "01"]
[TimeControl "180+2"]
[Date "2023.01.03"]
[WhiteClock "0:00:34"]
[BlackClock "0:00:08"]

1. e4 e6 2. d4 d5 3. e5 Ne7 4. c3 Qd7 5. h4 h5 6. Nh3 b6 7. Bg5 Ba6 8. Bxa6 Nxa6 9. Qe2 Nb8 10. Nf4 c5 11. dxc5 bxc5 12. Nxh5 Nbc6 13. Ng3 Ng6 14. f4 Be7 15. Qg4 Bxg5 16. hxg5 Rxh1+ 17. Nxh1 O-O-O 18. Nf2 Qb7 19. b3 c4 20. Nd2 d4 21. Nxc4 Kb8 22. O-O-O dxc3 23. Rxd8+ Nxd8 24. Kc2 Qd5 25. Kxc3 Nc6 26. Nd3 Qd4+ 27. Kc2 a5 28. Qf3 Nce7 29. Qe3 Qd5 30. Qb6+ Kc8 31. Nd6+ Kd7 32. Nc5+ 1-0


[Site "https://www.chess.com"]

[Event "Titled Tuesday Blitz January 03 Early 2023"]
[White "Pandey Srishti"]
[Black "Dragnev, Valentin"]
[WhiteFideId "35093290"]
[BlackFideId "1634852"]
[WhiteElo "2188"]
[BlackElo "2593"]
[Result "0-1"]
[Round "01"]
[TimeControl "180+2"]
[Date "2023.01.03"]
[WhiteClock "0:00:37"]
[BlackClock "0:00:21"]

1. d4 Nf6 2. c4 c5 3. d5 b5 4. cxb5 a6 5. bxa6 g6 6. Nc3 Bg7 7. e4 d6 8. Nf3 O-O 9. Bd3 Qa5 10. O-O Bxa6 11. a4 Nbd7 12. Ra3 Rfb8 13. Re1 Ng4 14. Bb5 Bxb5 15. axb5 Qb6 16. Rxa8 Rxa8 17. Qe2 Nge5 18. Nd2 Nf6 19. h3 h5 20. f4 Ned7 21. Nc4 Qb7 22. Rd1 Nb6 23. Nxb6 Qxb6 24. Qc4 Nd7 25. Be3 Qb7 26. e5 dxe5 27. f5 gxf5 28. d6 e6 29. Qh4 f4 30. Bf2 f3 31. Qxh5 fxg2 32. Rd3 Ra1+ 33. Nd1 Qxb5 34. Qf3 e4 35. Qxe4 Ne5 36. Qxe5 Bxe5 37. Kxg2 Qxd3 0-1


[Site "https://www.chess.com"]

[Event "Titled Tuesday Blitz January 03 Early 2023"]
[White "Vaibhav, Suri"]
[Black "Federzoni, Enzo"]
[WhiteFideId "5045185"]
[BlackFideId "2173301"]
[WhiteElo "2595"]
[BlackElo "2133"]
[Result "1-0"]
[Round "01"]
[TimeControl "180+2"]
[Date "2023.01.03"]
[WhiteClock "0:02:16"]
[BlackClock "0:02:34"]

1. e4 c5 2. Nf3 d6 3. d4 cxd4 4. Qxd4 a6 5. c4 Nf6 6. Nc3 e6 7. Be2 Be7 8. O-O O-O 9. Rd1 Qc7 10. b3 Nbd7 11. h3 b6 12. Bb2 Bb7 13. Qe3 Rac8 14. Rac1 Qb8 15. Bd3 Rfd8 16. Bb1 Ne5 17. Nxe5 dxe5 18. Qxb6 Bc5 19. Rxd8+ Rxd8 20. Qxc5 1-0


[Site "https://www.chess.com"]

[Event "Titled Tuesday Blitz January 03 Early 2023"]
[White "Batsiashvili, Nino"]
[Black "Williams, Simon K"]
[WhiteFideId "13602993"]
[BlackFideId "404454"]
[WhiteElo "2467"]
[BlackElo "2465"]
[Result "0-1"]
[Round "01"]
[TimeControl "180+2"]
[Date "2023.01.03"]
[WhiteClock "0:00:07"]
[BlackClock "0:00:30"]

1. d4 e6 2. Nf3 f5 3. Bf4 Nf6 4. e3 b6 5. Nbd2 Bb7 6. Bd3 g6 7. O-O Bg7 8. Qe2 O-O 9. h3 d6 10. Bh2 Ne4 11. Ne1 Nxd2 12. Qxd2 Nd7 13. Qe2 e5 14. dxe5 dxe5 15. e4 f4 16. Rd1 Qe7 17. Bc4+ Kh8 18. Kh1 Nf6 19. a4 Nxe4 20. Bd5 Bxd5 21. Rxd5 Nd6 22. Nd3 Rae8 23. Re1 c6 24. Rxe5 Bxe5 25. Nxe5 Qf6 26. f3 c5 27. b4 Nf7 28. Nxf7+ Qxf7 29. Qd2 Rxe1+ 30. Qxe1 cxb4 31. Qxb4 Kg8 32. a5 bxa5 33. Qxa5 Rc8 34. Bg1 h5 35. c3 Kh7 36. Bd4 Qe7 37. Kh2 Re8 38. Qxa7 Qxa7 39. Bxa7 g5 40. Bd4 Kg6 41. Kg1 Re2 42. Kf1 Rc2 43. Be5 Kf5 44. Bd4 g4 45. hxg4+ hxg4 46. fxg4+ Kxg4 47. Bf2 Rxc3 48. Ke2 Rc2+ 49. Kf1 f3 50. gxf3+ Kxf3 51. Bh4 Rc1+ 52. Be1 Ra1 53. Kg1 Rxe1+ 0-1


[Site "https://www.chess.com"]

[Event "Titled Tuesday Blitz January 03 Early 2023"]
[White "Subelj, Jan"]
[Black "Buscar, Michael"]
[WhiteFideId "14618583"]
[BlackFideId "2603616"]
[WhiteElo "2513"]
[BlackElo "2041"]
[Result "1-0"]
[Round "01"]
[TimeControl "180+2"]
[Date "2023.01.03"]
[WhiteClock "0:00:48"]
[BlackClock "0:00:01"]

1. d3 Nf6 2. c4 g6 3. b3 Bg7 4. Bb2 c5 5. Nf3 Nc6 6. Nbd2 d6 7. g3 O-O 8. Bg2 Bg4 9. O-O Qd7 10. Re1 Bh3 11. Bh1 Rab8 12. Qc1 b5 13. cxb5 Rxb5 14. Nc4 e5 15. Ng5 Nd4 16. Nxh3 Qxh3 17. Bg2 Qe6 18. e3 Nf5 19. Qc2 Nd7 20. Rad1 d5 21. Nd2 Nd6 22. e4 d4 23. Rc1 Rfb8 24. a4 R5b7 25. Ba3 Bh6 26. Red1 Bxd2 27. Qxd2 Rxb3 28. Bxc5 Nxc5 29. Rxc5 Rb2 30. Qc1 Qa2 31. Rf1 Qxa4 32. Qg5 Rb1 33. Qxe5 Rxf1+ 34. Bxf1 Rb6 35. Rd5 1-0


[Site "https://www.chess.com"]

[Event "Titled Tuesday Blitz January 03 Early 2023"]
[White "Stepanencu, Nicodim-Cosmin"]
[Black "Klukin, Kirill"]
[WhiteFideId "1256220"]
[BlackFideId "24199273"]
[WhiteElo "2303"]
[BlackElo "2390"]
[Result "0-1"]
[Round "01"]
[TimeControl "180+2"]
[Date "2023.01.03"]
[WhiteClock "0:02:41"]
[BlackClock "0:02:38"]

1. d4 d5 2. c4 e6 3. Nf3 a6 4. Qc2 Nf6 5. g3 dxc4 6. Qxc4 b5 7. Qc2 Bb7 8. Bg2 Nbd7 9. O-O c5 10. dxc5 Bxc5 11. Rd1 Rc8 12. Qd2 Ne4 13. Qxd7+ Qxd7 14. Rxd7 Bxf2+ 0-1


[Site "https://www.chess.com"]

[Event "Titled Tuesday Blitz January 03 Early 2023"]
[White "Bashirli, Nail"]
[Black "Real_taiatai"]
[WhiteFideId "13406809"]
[WhiteElo "2326"]
[BlackElo "2390"]
[Result "1-0"]
[Round "01"]
[TimeControl "180+2"]
[Date "2023.01.03"]
[WhiteClock "0:00:10"]
[BlackClock "0:00:14"]

1. e4 c5 2. Nc3 Nc6 3. Bb5 g6 4. Nge2 Bg7 5. O-O e6 6. d3 Nge7 7. Be3 d6 8. Qd2 h6 9. f4 f5 10. Rae1 O-O 11. d4 a6 12. Bxc6 Nxc6 13. dxc5 dxc5 14. Qxd8 Rxd8 15. Bxc5 Rd2 16. Rc1 fxe4 17. Rfd1 Rd7 18. Na4 Rb8 19. Nb6 Rf7 20. Bd6 Bxb2 21. Rb1 Bf6 22. Bxb8 Nxb8 23. Nxc8 Rc7 24. Nd6 Rxc2 25. Nd4 Rxa2 26. Rxb7 Bxd4+ 27. Rxd4 Nc6 28. Rc4 Nd8 29. Rc8 Ra1+ 30. Kf2 e3+ 31. Kg3 Ra3 32. Rxd8# 1-0


[Site "https://www.chess.com"]

[Event "Titled Tuesday Blitz January 03 Early 2023"]
[White "Melikhov, Evgeny V."]
[Black "Dourerassou, Jonathan"]
[WhiteFideId "4122046"]
[BlackFideId "628050"]
[WhiteElo "2269"]
[BlackElo "2414"]
[Result "1/2-1/2"]
[Round "01"]
[TimeControl "180+2"]
[Date "2023.01.03"]
[WhiteClock "0:00:15"]
[BlackClock "0:01:31"]

1. d4 e6 2. c4 d5 3. Nc3 Nf6 4. cxd5 exd5 5. Bg5 Be7 6. e3 O-O 7. Bd3 Nbd7 8. Qc2 a6 9. Nf3 Re8 10. O-O b6 11. Rac1 Bb7 12. Ne5 Nf8 13. Qa4 b5 14. Qd1 h6 15. Bh4 Ne6 16. h3 Rc8 17. a3 c5 18. dxc5 Nxc5 19. Bb1 Nce4 20. Nxe4 dxe4 21. Qxd8 Rexd8 22. Ba2 Rxc1 23. Rxc1 Bd5 24. Nc6 Bxc6 25. Rxc6 Rd1+ 26. Kh2 Ng4+ 27. hxg4 Bxh4 28. Rc8+ Kh7 29. Bxf7 Bxf2 30. Rc6 g5 31. Bg6+ Kg7 32. Bxe4 Bxe3 33. Rxa6 Rd2 34. Rg6+ Kf7 35. Rxh6 Bf4+ 36. Kh3 Rd1 37. g3 Be5 38. Rb6 Re1 39. Bd5+ Kg7 40. Rxb5 Re3 41. Kg2 Rxg3+ 42. Kf2 Rxg4 43. Bf3 Bd4+ 44. Ke2 Rf4 45. Rxg5+ Kf6 46. Rg4 Rxg4 47. Bxg4 Bxb2 48. a4 Ke5 49. a5 Bd4 50. a6 Kd6 51. a7 Bxa7 1/2-1/2


[Site "https://www.chess.com"]

[Event "Titled Tuesday Blitz January 03 Early 2023"]
[White "Korchmar, Vasiliy"]
[Black "Gatterer, Florian"]
[WhiteFideId "24131750"]
[BlackFideId "811688"]
[WhiteElo "2438"]
[BlackElo "2170"]
[Result "0-1"]
[Round "01"]
[TimeControl "180+2"]
[Date "2023.01.03"]
[WhiteClock "0:00:02"]
[BlackClock "0:00:55"]

1. e4 e5 2. Nf3 Nc6 3. Bc4 Bc5 4. c3 Nf6 5. d3 d6 6. Bg5 h6 7. Bh4 g5 8. Bg3 a6 9. O-O Qe7 10. Nbd2 Bg4 11. b4 Bb6 12. a4 O-O 13. Kh1 Kg7 14. Qc2 Be6 15. Rae1 Nh5 16. Nb3 Nf4 17. h3 Kh8 18. Bxe6 fxe6 19. d4 Nxh3 20. dxe5 Rxf3 21. gxf3 Nxe5 22. Bxe5+ dxe5 23. c4 Qf7 24. Qc3 Nf4 25. Qxe5+ Kh7 26. Rd1 Qh5+ 27. Kg1 Qxf3 28. Rd7+ Kg6 29. Qg7+ Kh5 30. Qf7+ Kh4 31. Kh2 Qg2# 0-1


[Site "https://www.chess.com"]

[Event "Titled Tuesday Blitz January 03 Early 2023"]
[White "Chernov, Mikhail"]
[Black "Arabidze, Meri"]
[WhiteFideId "24143170"]
[BlackFideId "13604040"]
[WhiteElo "2205"]
[BlackElo "2441"]
[Result "0-1"]
[Round "01"]
[TimeControl "180+2"]
[Date "2023.01.03"]
[WhiteClock "0:00:21"]
[BlackClock "0:01:34"]

1. e4 c5 2. Nf3 e6 3. d4 cxd4 4. Nxd4 Nc6 5. Be2 a6 6. O-O d6 7. Be3 Nf6 8. Nc3 Be7 9. f4 O-O 10. Qe1 Nxd4 11. Bxd4 b5 12. Bd3 Bb7 13. a3 Qc7 14. Qg3 g6 15. Rae1 Nh5 16. Qh3 Nxf4 17. Rxf4 e5 18. Qh6 exd4 19. Nd5 Bxd5 20. exd5 Qd8 21. Rxd4 Bg5 22. Qh3 Qb6 23. c3 Bf6 24. Re4 Rae8 25. Qe3 Rxe4 26. Qxe4 Bxd4+ 27. cxd4 Rc8 28. h4 h5 29. Kh2 Qd8 30. Qf4 Kg7 31. g4 Qxh4+ 0-1


[Site "https://www.chess.com"]

[Event "Titled Tuesday Blitz January 03 Early 2023"]
[White "Sipila, Vilka"]
[Black "Golizadeh, Asghar"]
[WhiteFideId "505455"]
[BlackFideId "12505269"]
[WhiteElo "2427"]
[BlackElo "2455"]
[Result "1-0"]
[Round "01"]
[TimeControl "180+2"]
[Date "2023.01.03"]
[WhiteClock "0:00:48"]
[BlackClock "0:00:19"]

1. e4 c5 2. c3 d5 3. exd5 Qxd5 4. d4 Nf6 5. Nf3 e6 6. Na3 Nc6 7. Nb5 Qd8 8. dxc5 Bxc5 9. Qxd8+ Kxd8 10. Bf4 Ne4 11. Be3 Bxe3 12. fxe3 a6 13. Nbd4 Nxd4 14. exd4 Ke7 15. Bd3 Nf6 16. Kd2 b5 17. a4 Bd7 18. Ne5 bxa4 19. Nxd7 Nxd7 20. Rxa4 Rhb8 21. b4 Nb6 22. Rxa6 Rxa6 23. Bxa6 Ra8 24. b5 Nc4+ 25. Kd3 Nb2+ 26. Kc2 Nc4 27. Kb3 Nb6 28. c4 Nd7 29. c5 Nb8 30. Bb7 Ra5 31. b6 e5 32. Re1 Nd7 33. Bc6 f6 34. Kb4 Ra2 35. Bxd7 Kxd7 36. d5 Rxg2 37. c6+ Kd6 38. Rc1 Rg4+ 39. Kb5 Rg2 40. c7 Rb2+ 41. Ka6 Ra2+ 42. Kb7 Rb2 43. c8=Q 1-0


[Site "https://www.chess.com"]

[Event "Titled Tuesday Blitz January 03 Early 2023"]
[White "Wilson, Elvin"]
[Black "Skvortsov, Andrei"]
[WhiteFideId "2014874"]
[BlackFideId "24108600"]
[WhiteElo "2183"]
[BlackElo "2313"]
[Result "0-1"]
[Round "01"]
[TimeControl "180+2"]
[Date "2023.01.03"]
[WhiteClock "0:00:13"]
[BlackClock "0:01:39"]

1. c4 c5 2. g3 Nf6 3. Bg2 g6 4. Nc3 Bg7 5. e4 e5 6. Nge2 Nc6 7. O-O Nd4 8. d3 d6 9. Rb1 O-O 10. b4 Nd7 11. Nd5 f5 12. Bg5 Qxg5 13. Nxd4 cxd4 14. Nc7 Rb8 15. Ne6 Qe7 16. Nxf8 Nxf8 17. exf5 Bxf5 18. Qa4 b6 19. Qb3 Kh8 20. Rbe1 Qf7 21. f4 exf4 22. Rxf4 Be5 23. Rff1 Qd7 24. b5 Ne6 25. Bc6 Qg7 26. Qd1 Nc5 27. Be4 Nxe4 28. dxe4 Be6 29. Qd3 Rc8 30. Rc1 h5 31. Kh1 Qe7 32. Rf2 Kg8 33. Kg2 Qg5 34. Rcc2 h4 35. Qd2 Qxd2 36. Rfxd2 hxg3 37. hxg3 Rxc4 38. Rxc4 Bxc4 39. a4 Bb3 40. a5 bxa5 41. Rb2 a4 42. Kf3 d3 43. Rd2 Bc4 0-1


[Site "https://www.chess.com"]

[Event "Titled Tuesday Blitz January 03 Early 2023"]
[White "Matinian, Nikita"]
[Black "aidenzhouu"]
[WhiteFideId "24129100"]
[WhiteElo "2407"]
[BlackElo "2382"]
[Result "1-0"]
[Round "01"]
[TimeControl "180+2"]
[Date "2023.01.03"]
[WhiteClock "0:00:58"]
[BlackClock "0:00:21"]

1. e4 c6 2. Nc3 d5 3. Nf3 dxe4 4. Nxe4 Nf6 5. Qe2 Nxe4 6. Qxe4 Qa5 7. b4 Qf5 8. Qxf5 Bxf5 9. Nd4 Bg6 10. f4 e5 11. fxe5 Bxb4 12. Bb2 Nd7 13. e6 Nf6 14. Bc4 O-O 15. O-O-O Rfe8 16. Rhf1 fxe6 17. Bxe6+ Bf7 18. Bxf7+ Kxf7 19. Nf5 Re6 20. Rf3 Kg8 21. Rb3 Bd6 22. Rxb7 Bf8 23. Rf1 a5 24. Rc7 a4 25. Nd4 Re4 26. Nxc6 a3 27. Bxf6 gxf6 28. c3 Bg7 29. Nd4 f5 30. Nxf5 Be5 31. Nh6+ Kh8 32. Nf7+ Kg8 33. Nxe5 Rxe5 34. Rff7 Rb8 35. Rg7+ Kh8 36. Rxh7+ Kg8 37. Rcg7+ Kf8 38. Rh8+ Kxg7 39. Rxb8 Re2 40. Rb3 1-0


[Site "https://www.chess.com"]

[Event "Titled Tuesday Blitz January 03 Early 2023"]
[White "Dwilewicz, Katarzyna"]
[Black "Kozionov, Kirill"]
[WhiteFideId "1148486"]
[BlackFideId "24101729"]
[WhiteElo "2115"]
[BlackElo "2444"]
[Result "0-1"]
[Round "01"]
[TimeControl "180+2"]
[Date "2023.01.03"]
[WhiteClock "0:00:43"]
[BlackClock "0:00:18"]

1. e4 e5 2. Nf3 d6 3. Bc4 Be7 4. d4 exd4 5. Nxd4 Nf6 6. Nc3 O-O 7. O-O c6 8. Bb3 Nbd7 9. a4 Nc5 10. Re1 Nxb3 11. Nxb3 Be6 12. Nd4 Nd7 13. Nxe6 fxe6 14. Qg4 Rf6 15. Bg5 Rg6 16. Bxe7 Qxe7 17. Qh3 Rf8 18. Rad1 Ne5 19. Kh1 Rxf2 20. Re2 Ng4 21. Qg3 Rxe2 22. Nxe2 Ne5 23. Qf2 a6 24. Nd4 Ng4 25. Qg3 Qf6 26. Kg1 Ne5 27. Qf2 Qe7 28. h3 h6 29. Rf1 Rf6 30. Qe2 Rxf1+ 31. Qxf1 c5 32. Nf3 Qf6 33. Nxe5 Qxe5 34. Qd3 Qd4+ 35. Qxd4 cxd4 36. b4 Kf7 37. Kf2 Kf6 38. Ke2 Ke5 39. Kd3 d5 40. exd5 Kxd5 41. c4+ dxc3 42. Kxc3 b5 43. a5 e5 44. Kd3 e4+ 45. Ke3 Ke5 46. h4 h5 47. g3 g6 0-1


[Site "https://www.chess.com"]

[Event "Titled Tuesday Blitz January 03 Early 2023"]
[White "Agasarov, Benik"]
[Black "Sanchez, Robert"]
[WhiteFideId "13314823"]
[BlackFideId "2034360"]
[WhiteElo "2235"]
[BlackElo "1966"]
[Result "0-1"]
[Round "01"]
[TimeControl "180+2"]
[Date "2023.01.03"]
[WhiteClock "0:00:15"]
[BlackClock "0:00:49"]

1. d4 Nf6 2. c4 e6 3. Nc3 Bb4 4. e3 b6 5. Bd2 O-O 6. Qf3 c6 7. Bd3 Bb7 8. Nge2 d5 9. a3 Be7 10. O-O Nbd7 11. cxd5 exd5 12. Nf4 Re8 13. b4 Nf8 14. Rac1 Ng6 15. Nxg6 hxg6 16. h3 a5 17. b5 c5 18. a4 Rc8 19. Rfd1 Bd6 20. Be1 Bb8 21. Ne2 c4 22. Bxc4 Ne4 23. Bd3 Qd6 24. Ng3 Rxc1 25. Rxc1 Qa3 26. Rd1 Qxa4 27. Nf1 Nd6 28. Qe2 Nc4 29. Rc1 Qxb5 30. Nd2 Qc6 31. Qf3 b5 32. Nxc4 bxc4 33. Bxa5 Qa4 34. Rb1 cxd3 35. Rxb7 Qa1+ 36. Be1 Qxe1# 0-1


[Site "https://www.chess.com"]

[Event "Titled Tuesday Blitz January 03 Early 2023"]
[White "Da Silva Junior, Sediney Mari"]
[Black "Antonica, Dragos-Andrei"]
[WhiteFideId "2132079"]
[BlackFideId "1246372"]
[WhiteElo "2010"]
[BlackElo "2373"]
[Result "0-1"]
[Round "01"]
[TimeControl "180+2"]
[Date "2023.01.03"]
[WhiteClock "0:00:01"]
[BlackClock "0:00:21"]

1. e4 e6 2. Nf3 d5 3. e5 c5 4. b4 cxb4 5. a3 Nc6 6. axb4 Bxb4 7. c3 Bf8 8. d4 Nge7 9. Bd3 Nf5 10. h4 Be7 11. g4 Nxh4 12. Nxh4 Bxh4 13. Ba3 Be7 14. Rxh7 Rxh7 15. Bxh7 Bxa3 16. Nxa3 Qh4 17. Bd3 Qh1+ 18. Bf1 Qe4+ 19. Be2 Qh1+ 20. Bf1 Bd7 21. Nb5 Kf8 22. Nd6 b6 23. Qd2 Ne7 24. Qf4 Be8 25. O-O-O Ng6 26. Qe3 Ba4 27. Re1 Qh6 28. g5 Qh2 29. Bd3 Nf4 30. g6 fxg6 31. f3 Kg8 32. Rg1 Rf8 33. Rf1 Qa2 34. Bb1 Qa3+ 35. Kd2 Qb2+ 0-1


[Site "https://www.chess.com"]

[Event "Titled Tuesday Blitz January 03 Early 2023"]
[White "Rozman, Levy"]
[Black "Hoffmann, Asa"]
[WhiteFideId "2039877"]
[BlackFideId "2001470"]
[WhiteElo "2322"]
[BlackElo "2185"]
[Result "1-0"]
[Round "01"]
[TimeControl "180+2"]
[Date "2023.01.03"]
[WhiteClock "0:00:11"]
[BlackClock "0:00:46"]

1. d4 Nf6 2. Bg5 e6 3. Nd2 Be7 4. e3 b6 5. Qf3 Nc6 6. O-O-O Bb7 7. Bd3 h6 8. Bxf6 Bxf6 9. c3 Qe7 10. e4 O-O-O 11. Qe3 d6 12. f4 e5 13. Ngf3 exf4 14. Qxf4 Bg5 15. Nxg5 hxg5 16. Qg3 f6 17. Rde1 Rde8 18. Nc4 Qf7 19. d5 Ne5 20. Be2 Nxc4 21. Bxc4 Kb8 22. h4 gxh4 23. Rxh4 Rxh4 24. Qxh4 Bc8 25. a4 f5 26. Qf4 Qf6 27. Bd3 g5 28. Qf2 f4 29. a5 Re5 30. a6 Bd7 31. Rh1 g4 32. Qh4 Qxh4 33. Rxh4 Re8 34. Rh7 Bc8 35. Rf7 f3 36. gxf3 gxf3 37. Rxf3 Bd7 38. Rf7 Kc8 39. Rxd7 Kxd7 40. Bb5+ Ke7 41. Bxe8 Kxe8 42. Kd2 Ke7 43. Ke3 Kf6 44. Kf4 Kg6 45. e5 dxe5+ 46. Kxe5 Kf7 47. c4 Ke7 48. b4 Kd7 49. c5 bxc5 50. bxc5 Ke7 51. Kf5 Kd7 52. Kf6 Kd8 53. Ke6 Ke8 54. d6 cxd6 55. cxd6 Kd8 56. d7 Kc7 57. Ke7 1-0


[Site "https://www.chess.com"]

[Event "Titled Tuesday Blitz January 03 Early 2023"]
[White "Nathan, Nitish"]
[Black "Wagner, Dennis"]
[WhiteFideId "30927870"]
[BlackFideId "24650684"]
[WhiteElo "2071"]
[BlackElo "2595"]
[Result "1/2-1/2"]
[Round "01"]
[TimeControl "180+2"]
[Date "2023.01.03"]
[WhiteClock "0:00:07"]
[BlackClock "0:00:11"]

1. d4 d5 2. Bf4 Nf6 3. e3 e6 4. Nd2 Bd6 5. Bg3 O-O 6. Ngf3 c5 7. c3 Qc7 8. Ne5 Nc6 9. Nxc6 Qxc6 10. Bd3 b6 11. O-O Bb7 12. Re1 Bxg3 13. hxg3 Rfd8 14. a4 Rac8 15. g4 h6 16. Qf3 Ne4 17. Bxe4 dxe4 18. Qg3 Qd5 19. Red1 cxd4 20. exd4 Qg5 21. Nf1 h5 22. Ne3 hxg4 23. Nxg4 Ba6 24. Re1 f5 25. Ne5 Qxg3 26. fxg3 Rf8 27. Re3 Bb7 28. Nd7 Rf7 29. Ne5 Rf6 30. Rf1 g5 31. Nd7 Rh6 32. Ne5 Kg7 33. c4 Rch8 34. Kf2 f4 35. gxf4 gxf4 36. Ree1 Rh2 37. Rg1 e3+ 38. Ke2 R8h4 39. Nf3 Bxf3+ 40. Kxf3 Kg6 41. g3 Rf2+ 42. Ke4 fxg3+ 43. Kxe3 Rxb2 44. Rxg3+ Kf6 45. Rf1+ Ke7 46. Rg7+ Kd6 47. Rff7 Rb3+ 48. Kd2 Rxd4+ 49. Kc2 Rbd3 50. Rxa7 Kc5 51. a5 Kb4 52. Rg2 Rc3+ 53. Kb2 Rb3+ 54. Ka2 Ra3+ 55. Kb2 Rxa5 56. Rb7 Ra6 57. Re7 Rd6 58. Rg4 Rc6 59. c5+ Kxc5 60. Rg5+ Kb4 61. Rg4+ Kb5 62. Rg5+ Rc5 63. Rg4 e5 64. Re4 Ra4 65. R7xe5 Rb4+ 66. Rxb4+ Kxb4 67. Re4+ Rc4 68. Re6 b5 69. Re3 Rh4 70. Rg3 Rh2+ 71. Kb1 Ka4 72. Ka1 b4 73. Kb1 b3 74. Rg8 Ka3 75. Ra8+ Kb4 76. Rb8+ Kc3 77. Rc8+ Kd4 78. Rd8+ Kc5 79. Rc8+ Kd5 80. Rb8 Kc4 81. Rc8+ Kb4 82. Rb8+ Ka4 83. Ra8+ Kb5 84. Rb8+ Kc5 85. Rxb3 Rh4 86. Rg3 Rb4+ 87. Kc2 Rc4+ 88. Rc3 Kd4 89. Rxc4+ Kxc4 1/2-1/2


[Site "https://www.chess.com"]

[Event "Titled Tuesday Blitz January 03 Early 2023"]
[White "Sychev, Klementy"]
[Black "Balint, Vilmos"]
[WhiteFideId "4114060"]
[BlackFideId "718050"]
[WhiteElo "2547"]
[BlackElo "2169"]
[Result "1-0"]
[Round "01"]
[TimeControl "180+2"]
[Date "2023.01.03"]
[WhiteClock "0:00:15"]
[BlackClock "0:00:26"]

1. e4 e6 2. d4 d5 3. Nc3 Bb4 4. exd5 exd5 5. Bd3 Nf6 6. Ne2 h6 7. O-O O-O 8. Ng3 Re8 9. Bf4 Bd6 10. Qd2 Bxf4 11. Qxf4 Nc6 12. Nb5 a6 13. Nc3 Nb4 14. Rfe1 Nxd3 15. cxd3 Be6 16. Re5 Qd6 17. Rae1 Qb4 18. R1e2 c5 19. Rc2 cxd4 20. Nge2 Nd7 21. Rh5 Nf6 22. Rh4 g5 23. Qxd4 Qxd4 24. Rxd4 Rac8 25. Rd2 Kg7 26. f3 Red8 27. Kf2 Bf5 28. g4 Be6 29. Kg3 Rd6 30. h4 Nd7 31. hxg5 hxg5 32. Ne4 dxe4 33. Rxd6 e3 34. Rd1 Bxa2 35. Rxd7 Bb3 36. Re1 Rc2 37. Nd4 Rxb2 38. Nxb3 Rxb3 39. Rxe3 1-0


[Site "https://www.chess.com"]

[Event "Titled Tuesday Blitz January 03 Early 2023"]
[White "Gjestemoen-VonHirsch, Andre"]
[Black "Kanakaris, Georgios"]
[WhiteFideId "1539531"]
[BlackFideId "4209460"]
[WhiteElo "2314"]
[BlackElo "2391"]
[Result "0-1"]
[Round "01"]
[TimeControl "180+2"]
[Date "2023.01.03"]
[WhiteClock "0:00:02"]
[BlackClock "0:00:14"]

1. b3 e5 2. Bb2 Nc6 3. e3 Nf6 4. Bb5 Bd6 5. c4 Qe7 6. Nc3 a6 7. Bxc6 dxc6 8. h3 e4 9. d3 exd3 10. Qxd3 O-O 11. Nge2 Rd8 12. Qc2 b5 13. Nd4 Bd7 14. O-O g6 15. Rad1 b4 16. Nce2 c5 17. Nf3 Bc6 18. Qc1 Ne4 19. Qa1 f6 20. Nd2 Rf8 21. Nxe4 Qxe4 22. f3 Qxe3+ 23. Rf2 Qg5 24. f4 Qf5 25. Rdf1 h5 26. Ng3 Qd3 27. Ne2 Qe3 28. f5 g5 29. Bxf6 Rae8 30. Bxg5 Qxg5 31. f6 Rf7 32. Qb1 Re3 33. Qc2 Rg3 34. Nf4 Bxf4 35. Qe2 Be3 36. Re1 0-1


[Site "https://www.chess.com"]

[Event "Titled Tuesday Blitz January 03 Early 2023"]
[White "Mustafayev, Farid"]
[Black "Qashashvili, Alexandre"]
[WhiteFideId "13408771"]
[BlackFideId "13600842"]
[WhiteElo "2316"]
[BlackElo "2505"]
[Result "1-0"]
[Round "01"]
[TimeControl "180+2"]
[Date "2023.01.03"]
[WhiteClock "0:00:33"]
[BlackClock "0:00:11"]

1. d4 c6 2. Nf3 d5 3. g3 Bf5 4. Bg2 Nf6 5. O-O Qc8 6. c4 Bh3 7. Nc3 h5 8. cxd5 h4 9. Bg5 hxg3 10. fxg3 Bxg2 11. Kxg2 Qh3+ 12. Kg1 Ng4 13. Rf2 Nxf2 14. Kxf2 f6 15. Qb3 Qd7 16. Bf4 g5 17. Bd2 cxd5 18. Nxd5 Nc6 19. Rc1 Bh6 20. Rc5 g4 21. Bxh6 gxf3 22. Qe3 Kf7 23. exf3 Rae8 24. g4 b6 25. Rxc6 Qxc6 26. Nc3 Qe6 27. Qd2 f5 28. g5 Rd8 29. d5 Qe5 30. f4 Qd6 31. Qe2 Qc5+ 32. Kg2 Rxd5 33. Qh5+ Ke6 34. Qg6+ Kd7 35. Nxd5 Qxd5+ 36. Kg3 Rc8 37. Qh5 Rc2 38. Qf3 Qd2 39. Qb7+ Ke6 40. Qh1 Qf2+ 41. Kh3 Qxf4 42. Qe1+ Kf7 43. g6+ Kxg6 44. Bxf4 Rc4 45. Qe6+ Kg7 46. Be5+ Kh7 47. Qxf5+ Kh6 48. Qe6+ Kg5 49. Qxc4 Kf5 50. Qf4+ Ke6 51. Bb8 Kd5 52. Bxa7 Kc6 53. Qe3 e5 54. Qxb6+ Kd5 55. Qb5+ Ke4 56. Bb8 Kf3 57. Qxe5 Kf2 58. Ba7+ Kf1 59. Be3 Ke2 60. Qd4 Kf3 61. Bh6 Ke2 62. b4 Kf3 63. b5 Ke2 64. b6 Kf3 65. b7 Ke2 66. b8=Q Kf1 67. a4 Ke2 68. a5 Kf1 69. a6 Ke2 70. a7 Kf1 71. a8=Q Ke2 72. Kg3 Kf1 73. h4 Ke2 74. h5 Ke1 75. Bf4 Ke2 76. h6 Ke1 77. h7 Ke2 78. h8=Q Kf1 79. Qh2 Ke1 80. Qa5+ Kf1 81. Qbb5# 1-0


[Site "https://www.chess.com"]